 Dungeon Crawl Stone Soup version 0.31.0-12-g77e489cdc1 (webtiles) character file.

Game seed: 16531984129029498127

76 booth the Chopper (level 4, 0/34 HPs)
             Began as a Demonspawn Gladiator on Feb 29, 2024.
             Was a Follower of Fedhas.
             Slain by a kobold
             ... wielding a +0 short sword of electrocution
              (20 damage)
             ... on level 2 of the Dungeon.
             The game lasted 00:10:49 (1733 turns).

booth the Chopper (Demonspawn Gladiator)            Turns: 1733, Time: 00:10:50

Health: 0/34       AC:  8    Str: 16    XL:     4   Next: 12%
Magic:  4/4        EV: 12    Int:  8    God:    Fedhas [*.....]
Gold:   46         SH:  5    Dex: 15    Spells: 3/3 levels left

rFire   . . .        a - +0 war axe
rCold   . . .        (no shield)
rNeg    + . .        b - +0 leather armour
rPois   .            c - +0 helmet
rElec   .            n - +0 cloak
rCorr   .            (no gloves)
SInv    .            (no boots)
Will    +....        l - amulet of reflection
Stlth   +            f - ring of positive energy
HPRegen 0.25/turn    i - ring of willpower
MPRegen 0.09/turn

%: reflection
@: no status effects
A: yellow scales 2, foul stench 1
a: Renounce Religion


You were on level 2 of the Dungeon.
You worshipped Fedhas.
Fedhas was aware of your devotion.
You visited 1 branch of the dungeon, and saw 2 of its levels.

You collected 46 gold pieces.

Inventory:

Hand Weapons
 a - a +0 war axe (weapon)
Missiles
 d - 3 throwing nets (quivered)
 e - a javelin
Armour
 b - a +0 leather armour (worn)
 c - a +0 helmet (worn)
 n - a +0 cloak (worn)
Jewellery
 f - a ring of positive energy (left hand)
 i - a ring of willpower (right hand)
 l - an amulet of reflection (around neck)
Scrolls
 g - a scroll of teleportation
 o - a scroll of identify
Potions
 h - a potion of haste
 j - a potion of berserk rage {unknown}
 k - a potion of lignification {unknown}
 m - a potion of curing {unknown}


   Skills:
 + Level 2.6 Fighting
 * Level 3.5 Axes
 + Level 2.4 Throwing
 - Level 3.1 Dodging
 + Level 0.0 Invocations


You had 3 spell levels left.
You didn't know any spells.
Your spell library contained the following spells:

 Spells                   Type           Power      Damage    Failure   Level
 Alistair's Intoxication  Alch           0%         N/A       100%        5
 Borgnjor's Vile Clutch   Necr/Erth      0%         N/A       100%        5
 Eringya's Noxious Bog    Alch           0%         4d6       100%        6


Dungeon Overview and Level Annotations

Branches:
Dungeon (2/15)

Altars:
Fedhas


Innate Abilities, Weirdness & Mutations

You are mostly covered in yellow scales. (AC +3)
You may rarely emit foul miasma when damaged in melee.


Message History

There is an open door here.
A giant cockroach comes into view.
A giant cockroach is nearby!
You hit the giant cockroach but do no damage.
The giant cockroach bites you but does no damage.
You hit the giant cockroach.
The giant cockroach is almost dead.
The giant cockroach bites you. The giant cockroach misses you.
You hit the giant cockroach but do no damage.
You punch the giant cockroach.
You kill the giant cockroach!
Fedhas appreciates your contribution to the ecosystem.
An endoplasm comes into view.
The endoplasm quivers.
You hit the endoplasm.
The endoplasm is lightly wounded.
The endoplasm closely misses you.
You hit the endoplasm.
The endoplasm is almost dead.
You block the endoplasm's attack. The endoplasm closely misses you.
You completely miss the endoplasm.
The endoplasm is almost dead.
The endoplasm hits you but does no damage.
You hit the endoplasm.
You kill the endoplasm!
Fedhas accepts your kill.
Found 5 stones.
You see here 5 stones.
A kobold comes into view.
It is wielding a +0 short sword of electrocution.
The kobold shouts!
A hobgoblin comes into view.
You see here a scroll of identify.
o - a scroll of identify The kobold throws a stone.
The stone misses you.
The kobold throws a stone.
The stone misses you. The kobold hits you but does no damage.
You are electrocuted!
The kobold hits you but does no damage.
You are electrocuted!!
Ouch! That really hurt!
You die...
Fedhas appreciates your contribution to the ecosystem.

###.#### #.# #......#
#.# #....#.# #.#
#......# #.#
#####....#.#########.#
......#...........(..#
#.......###########
#....#### #...@#
####K# g... #......
#..##### #.?# ....
#...


You could see a hobgoblin and a kobold.

Vanquished Creatures
  Robin (D:2)
  An adder (D:2)
  A dart slug (D:1)
  3 bats (D:1)
  5 endoplasms
  3 giant cockroaches
  4 hobgoblins
  4 kobolds
  2 quokkas
  4 ball pythons (D:1)
  2 frilled lizards
  13 goblins
  5 rats
48 creatures vanquished.

Notes
Turn   | Place    | Note
-------+----------+-------------------------------------------
     0 | D:1      | booth the Demonspawn Gladiator began the quest for the Orb.
     0 | D:1      | Reached XP level 1. HP: 16/16 MP: 1/1
   216 | D:1      | Gained mutation: You are partially covered in yellow
                  | scales. (AC +2) [demonic ancestry]
   216 | D:1      | Reached XP level 2. HP: 9/22 MP: 2/2
   716 | D:1      | You fall into a shaft and drop 1 floor!
   759 | D:2      | Noticed Robin
   770 | D:2      | Gained mutation: You may rarely emit foul miasma when
                  | damaged in melee. [demonic ancestry]
   770 | D:2      | Reached XP level 3. HP: 27/28 MP: 3/3
   943 | D:2      | Found a faded altar of an unknown god.
   969 | D:2      | Killed Robin
  1055 | D:2      | Prayed at the altar of an unknown god.
  1055 | D:2      | Became a worshipper of Fedhas Madash
  1055 | D:2      | Reached * piety under Fedhas
  1379 | D:2      | Gained mutation: You are mostly covered in yellow scales.
                  | (AC +3) [demonic ancestry]
  1379 | D:2      | Reached XP level 4. HP: 14/34 MP: 4/4
  1733 | D:2      | Slain by a kobold

Illustrated notes

Levels and vault maps discovered:
D:1:      tarquinn_simple_flora_water_e, layout_basic
D:2:      layout_loops_corners, shapermc_ecumenical_altar_notcrosses, uniq_robin

Skill      XL: |  1  2 |
---------------+-------+-----
Throwing       | 2 |  2.4
Axes           | 3 |  3.5
Dodging        | 3 |  3.1
Fighting       | |  2.6

Action                     |  1- 3 |  4- 6 || total
---------------------------+-------+-------++-------
  Melee: War axe           |   128 |     8 ||   136
         Punch             |     1 |     1 ||     2
    Use: Scroll            |     2 |     1 ||     3
   Stab: Sleeping          |     1 |       ||     1
 Armour: Leather armour    |    79 |     6 ||    85
  Dodge: Dodged            |    84 |     5 ||    89
  Block: Other             |    11 |     1 ||    12
         Reflection        |     1 |       ||     1
